AoeStats
← THL

Fortress

508201541Analyzed
2v2 RM · 11d ago on Sep 21, 2026· 55m 14s· 4 players
Game mode
Random Map
Map size
Normal (6 player)
Population
200
Speed
Normal
Resources
Standard
Victory
Conquest
Starting age
Dark Age
Ending age
Imperial Age
RankedLock teamsTeams togetherTeam positionsShared explorationLock speedFull tech treeHidden civsTurbo modeCheats
Victory
Defeat
🇨🇳 Dravidians · China
1630
+13
🇨🇳 Spanish · China
1448
+19
🇻🇳 Italians · Vietnam
1568
-17
🇹🇼 Aztecs · Taiwan
1526
-15
肉肉小狗
7:03 Feudal Age
10:45 Castle Age
8:36 Horse Collar
9:02 Double-Bit Axe
12:01 Bow Saw
15:21 Fervor
18:02 Heavy Plow
19:56 Wheelbarrow
20:09 Gold Mining
21:48 Stone Mining
25:07 Imperial Age
22:28 Loom
22:52 Fletching
23:52 Gold Shaft Mining
23:34 Town Watch
24:04 Hand Cart
23:52 Bodkin Arrow
23:19 Crossbowman
24:42 Sanctity
24:32 Treadmill Crane
26:02 Redemption
26:03 Bracer
25:32 Arbalester
26:13 Padded Archer Armor
26:41 Ballistics
27:06 Stone Shaft Mining
26:48 Town Patrol
28:18 Chemistry
27:51 Conscription
28:49 Leather Archer Armor
27:58 Elite Skirmisher
29:00 Caravan
29:25 Forging
29:18 Scale Mail Armor
29:37 Block Printing
29:51 Illumination
30:13 Atlatl
31:27 Chain Mail Armor
31:21 Devotion
31:21 Atonement
32:09 Iron Casting
33:07 Theocracy
32:28 Herbal Medicine
33:51 Siege Engineers
35:26 Fortified Wall
36:49 Squires
36:12 Eagle Warrior
37:36 Faith
37:37 Heresy
38:42 Crop Rotation
39:54 Plate Mail Armor
42:08 Blast Furnace
41:03 Elite Eagle Warrior
43:15 Murder Holes
47:37 Pikeman
THL
6:22 Feudal Age
10:33 Castle Age
8:34 Double-Bit Axe
8:51 Horse Collar
11:38 Bow Saw
14:46 Loom
18:45 Fletching
20:08 Wheelbarrow
25:27 Imperial Age
23:25 Bodkin Arrow
25:26 Padded Archer Armor
26:22 Bracer
27:24 Chemistry
26:45 Ballistics
27:32 Two-Man Saw
26:57 Conscription
27:25 Leather Archer Armor
28:51 Hand Cart
29:15 Ring Archer Armor
29:38 Thumb Ring
31:47 Elite Genoese Crossbowman
31:57 Elite Skirmisher
33:42 Caravan
36:54 Town Watch
46:32 Scale Barding Armor
46:38 Forging
47:55 Chain Barding Armor
46:59 Cavalier
47:03 Light Cavalry
47:54 Bloodlines
47:44 Husbandry
48:53 Hussar
50:09 Plate Barding Armor
50:11 Iron Casting
52:45 Heavy Plow
54:05 Blast Furnace
正义使者
7:24 Feudal Age
8:35 Double-Bit Axe
11:20 Castle Age
12:03 Horse Collar
18:59 Wheelbarrow
18:51 Bow Saw
19:13 Heavy Plow
24:59 Imperial Age
22:15 Town Watch
22:16 Loom
23:04 Hand Cart
23:33 Fletching
23:43 Padded Archer Armor
24:08 Elite Skirmisher
24:53 Thumb Ring
25:39 Bloodlines
25:40 Bodkin Arrow
26:02 Leather Archer Armor
27:47 Chemistry
27:43 Bracer
28:14 Ring Archer Armor
28:25 Conscription
29:00 Ballistics
29:28 Supremacy
33:46 Town Patrol
34:24 Hoardings
35:56 Two-Man Saw
34:56 Light Cavalry
36:05 Bombard Tower
36:29 Forging
36:25 Scale Barding Armor
36:33 Husbandry
36:52 Scale Mail Armor
37:41 Hussar
38:19 Hussar
49:09 Capped Ram
50:23 Sappers
52:46 Iron Casting
52:31 Chain Barding Armor
53:34 Caravan
54:14 Pikeman
54:54 Squires
54:39 Arson
54:39 Gambesons
55:56 Blast Furnace
55:31 Plate Barding Armor
Player86688262
5:35 Loom
8:51 Feudal Age
9:12 Horse Collar
9:18 Double-Bit Axe
13:20 Castle Age
13:14 Wheelbarrow
14:14 Bow Saw
16:05 Heavy Plow
18:28 Loom
21:20 Gold Mining
21:50 Hand Cart
22:01 Stone Mining
25:56 Imperial Age
23:53 Fletching
24:03 Padded Archer Armor
24:49 Ballistics
24:24 Loom
24:25 Town Watch
25:16 Husbandry
25:23 Thumb Ring
25:27 Bodkin Arrow
25:32 Padded Archer Armor
26:42 Bracer
27:51 Chemistry
27:23 Elite Elephant Archer
30:00 Two-Man Saw
29:31 Leather Archer Armor
29:40 Conscription
29:42 Medical Corps
29:56 Caravan
29:34 Elite Skirmisher
32:00 Ring Archer Armor
33:47 Devotion
36:00 Wootz Steel
35:03 Light Cavalry
35:54 Forging
35:49 Scale Barding Armor
35:11 Onager
37:24 Faith
37:37 Guilds
37:58 Coinage
38:47 Iron Casting
38:32 Chain Barding Armor
43:48 Banking
43:12 Siege Elephant
46:44 Masonry
47:34 Blast Furnace
46:58 Bombard Tower
Connection lost

Rejoining the realm…

Still unreachable

The connection could not be restored.

Session expired

The server has moved on; the page needs a fresh start.